Replay - 111 Terran Build

Build Order

Get SALT Encoding   

  12  0:01  SCV  
  13  0:13  SCV  
  14  0:19  Supply Depot  
  14  0:25  SCV  
  15  0:31  Refinery  
  15  0:40  SCV  
  16  0:46  Barracks  
  16  0:52  SCV  
  17  1:05  SCV  
  17  1:08  Refinery  
  18  1:17  SCV  
  19  1:29  SCV  
  20  1:35  Supply Depot  
  20  1:36  Reaper  
  21  1:41  Orbital Command  
  21  1:50  Factory  
  21  2:09  SCV  
  21  2:14  Marine  
  23  2:20  Engineering Bay  
  23  2:21  SCV  
  24  2:34  SCV  
  24  2:35  Factory Tech Lab  
  24  2:36  Marine  
  26  2:41  Starport  
  26  2:52  SCV  
  26  2:54  Missile Turret  
  26  2:56  Siege Tank  
  30  3:03  Supply Depot, Marine  
  31  3:10  Supply Depot, Liberator  
  31  3:24  SCV  
  31  3:26  Marine  
  36  3:39  Siege Tank  
  38  3:57  Marine  
  38  3:58  SCV  
  40  4:11  Siege Tank  
  40  4:15  Marine  
Spawning Tool Build Advisor. Get it on Overwolf

Go to:

Details

  • Created by: Duaniac
  • Published on: Dec 26, 2015
  • Modified on: Dec 26, 2015
  • Patch: Pre-3.8.0
Show
View Real Time Build Order
Export as new Build Order

Comments (2)

On March 12, 2016, 2:20 p.m., DrButterface  said:

I agree with MorN. Not everything is self-explanatory, so a little comment would be helpful.

On Dec. 26, 2015, 12:45 p.m., MorN  said:

Hey! Can you add a description and analysis of this? I don't really know what type of build or how to use it! Could be really helpful :)

Create an account to comment!